 Dungeon Crawl Stone Soup version 0.16-a0-3493-gd9d85f0 (webtiles) character file.

541 Grim the Basher (level 7, -5/57 HPs)
             Began as a Minotaur Berserker on Jan 4, 2015.
             Was a Priest of Trog.
             Killed by nerve-wracking pain
             ... invoked by Grinder
              (11 damage)
             ... while paralysed by Grinder
             ... on level 4 of the Dungeon.
             The game lasted 00:06:02 (3646 turns).

Grim the Basher (Minotaur Berserker)                Turns: 3646, Time: 00:06:03

Health: -5/57      AC:  7    Str: 22    XL:     7   Next: 5%
Magic:  3/3        EV:  2    Int:  4    God:    Trog [***...]
Gold:   109        SH:  0    Dex: 11    Spells: 0 memorised, 6 levels left

rFire  x . .     SeeInvis .     a - +0 mace
rCold  + . .     Clarity  .     f - +0 scale mail
rNeg   . . .     SustAb   .     (no shield)
rPois  .         Gourm    .     (helmet restricted)
rElec  .         Spirit   .     o - +0 cloak
rCorr  .         Warding  .     (no gloves)
rMut   .         Stasis   .     (no boots)
MR     .....                    (no amulet)
Stlth  ..........               (no ring)
                                e - ring of ice

@: paralysed, very heavily drained, not resistant to hostile enchantments,
extremely unstealthy
A: retaliatory headbutt, horns 2
a: Burn Spellbooks, Berserk, Trog's Hand, Renounce Religion


You were on level 4 of the Dungeon.
You worshipped Trog.
Trog was most pleased with you.
You were not hungry.

You visited 1 branch of the dungeon, and saw 4 of its levels.

You collected 109 gold pieces.

Inventory:

Hand weapons
 a - a +0 mace (weapon)
Armour
 f - a +0 scale mail (worn)
 o - a +0 cloak (worn)
Jewellery
 e - a ring of ice (left hand)
 h - an uncursed amulet of clarity {unknown}
 v - an uncursed amulet of clarity {unknown}
Scrolls
 i - a scroll of immolation {unknown}
 j - a scroll of identify {unknown}
 l - 2 scrolls of remove curse
 m - a scroll of amnesia {unknown}
 p - a scroll of random uselessness {unknown}
 q - 2 scrolls of teleportation {unknown}
Potions
 b - 2 potions of haste {unknown}
 d - a potion of ambrosia {unknown}
 g - 3 potions of magic {unknown}
 k - a potion of resistance {unknown}
 r - a potion of flight {unknown}
 s - a potion of heal wounds {unknown}
 t - 3 potions of curing {unknown}
 u - a potion of restore abilities {unknown}
Comestibles
 c - 3 bread rations
 n - 2 fruits


   Skills:
 - Level 3.6(0.6) Fighting
 + Level 9.7(6.1) Maces & Flails
 - Level 2.4(0.0) Armour
 - Level 2.1(0.0) Dodging


You had 6 spell levels left.
You didn't know any spells.

Dungeon Overview and Level Annotations

Branches:
Dungeon (4/15)
 Temple: D:4-7

Altars:
Gozag

Annotations:
D:4 Grinder


Innate Abilities, Weirdness & Mutations

You reflexively headbutt those who attack you in melee.
You have a pair of horns on your head.


Message History

Grinder is moderately wounded.
Grinder gestures at you.
You struggle to resist.
You hit Grinder but do no damage. You headbutt Grinder, but do no damage.
Grinder is moderately wounded.
Grinder hits you but does no damage. Grinder hits you.
* * * LOW HITPOINT WARNING * * *
You writhe in agony.
* * * LOW HITPOINT WARNING * * *
You hit Grinder. Your headbutt misses Grinder.
Grinder is moderately wounded.
Grinder gestures at you.
You suddenly lose the ability to move!
Grinder hits you!
* * * LOW HITPOINT WARNING * * *
Grinder gestures.
Grinder blinks!
Grinder gestures at you. Pain shoots through your body!
You die...

#########.######
#.......#.#
#...#.#.############
#...................#
#...#.#....#..#####.
#.##.##.#..#....#
#.......#.....#.#
#.......##.##.#.#
#.##.##@##......# #
#...>###.....# ###..#
#.....# ..%. #.....#
..%.# #.....# ....##
#.....# #...5 #######
...#


You could see Grinder.

Vanquished Creatures
  The ghost of Grim the Charmwright, an average HESk (D:4)
  An ogre (D:4)
  2 orc priests (D:4)
  A hound (D:4)
  An orc wizard (D:4)
  2 worker ants (D:4)
  Ijyb (D:2)
  Robin (D:3)
  2 adders (D:4)
  A worm (D:2)
  4 giant geckos
  An orc (D:3)
  4 bats
  A bat skeleton (D:4)
  17 goblins
  8 hobgoblins
  2 jackals (D:4)
  A quokka (D:3)
  A ball python (D:3)
  5 giant cockroaches
  4 giant newts
  6 kobolds
  4 rats
71 creatures vanquished.

Notes
Turn   | Place    | Note
--------------------------------------------------------------
     0 | D:1      | Grim, the Minotaur Berserker, began the quest for the Orb.
     0 | D:1      | Reached XP level 1. HP: 19/19 MP: 1/1
   302 | D:1      | Reached skill level 4 in Maces & Flails
   731 | D:1      | Reached XP level 2. HP: 26/26 MP: 1/1
   918 | D:2      | Noticed Ijyb
   934 | D:2      | Killed Ijyb
   934 | D:2      | Reached skill level 5 in Maces & Flails
   934 | D:2      | Reached XP level 3. HP: 27/31 MP: 2/2
  1745 | D:3      | Acquired Trog's second power
  1757 | D:3      | Noticed Robin
  1771 | D:3      | Killed Robin
  1771 | D:3      | Reached XP level 4. HP: 39/39 MP: 2/2
  1772 | D:3      | Reached skill level 6 in Maces & Flails
  2656 | D:4      | Noticed an ogre
  2665 | D:4      | Killed an ogre
  2665 | D:4      | Reached skill level 7 in Maces & Flails
  2665 | D:4      | Reached XP level 5. HP: 13/45 MP: 2/2
  2959 | D:4      | Reached skill level 8 in Maces & Flails
  3056 | D:4      | Found an opulent altar of Gozag.
  3060 | D:4      | Noticed Grim's ghost (average HESk)
  3095 | D:4      | Killed Grim's ghost
  3095 | D:4      | Reached skill level 9 in Maces & Flails
  3095 | D:4      | Reached XP level 6. HP: 18/51 MP: 3/3
  3381 | D:4      | Reached XP level 7. HP: 44/57 MP: 3/3
  3616 | D:4      | Noticed Grinder
  3619 | D:4      | Paralysed by Grinder for 7 turns
  3643 | D:4      | Paralysed by Grinder for 4 turns
  3646 | D:4      | Killed from afar by Grinder

Action                   |  1- 3 |  4- 6 |  7- 9 || total
-------------------------+-------+-------+-------++-------
Melee: Mace              |    75 |   111 |    15 ||   201
Invok: Berserk           |     1 |     2 |       ||     3
  Use: Scroll            |       |       |     1 ||     1
  Eat: Chunk             |     2 |     6 |       ||     8
       Meat ration       |       |     1 |       ||     1
